 Dungeon Crawl Stone Soup version 0.30.0-29-ga12c61a403 (webtiles) character file.

Game seed: 3098737228407051120

46 Baz the Insei (level 3, -9/27 HPs)
             Began as a Demonspawn Transmuter on June 22, 2023.
             Mangled by a sleepcap (11 damage)
             ... on level 3 of the Dungeon.
             The game lasted 00:03:53 (1590 turns).

Baz the Insei (Demonspawn Transmuter)               Turns: 1590, Time: 00:03:54

Health: -9/27      AC:  4    Str: 10    XL:     3   Next: 46%
Magic:  6/6        EV:  2    Int: 16    God:
Gold:   86         SH:  0    Dex: 15    Spells: 2/6 levels left

rFire   . .          .
                       - Unarmed
rCold   . . .        (no shield)
rNeg    . . .        e - +0 leather armour
rPois   .            (helmet restricted)
rElec   .            (no cloak)
rCorr   .            d - +0 pair of gloves
SInv    .            (no boots)
Will    .....        g - amulet of magic regeneration
Stlth   +            (no ring)
HPRegen 0.24/turn    (no ring)
MPRegen 0.50/turn

%: no passive effects
@: sleeping
A: horns 1, big brain 1
a: no special abilities


You were on level 3 of the Dungeon.
You visited 1 branch of the dungeon, and saw 3 of its levels.

You collected 86 gold pieces.

Inventory:

Hand Weapons
 j - the +3 whip of Famine {chaos, Dex+4}
   (You found it on level 2 of the Dungeon)

   Dex:       It affects your dexterity (+4).
Armour
 a - a +0 robe
 d - a +0 pair of gloves (worn)
 e - a +0 leather armour (worn)
Jewellery
 g - an amulet of magic regeneration (around neck)
Scrolls
 c - 4 scrolls of identify {unknown}
 f - 2 scrolls of teleportation {unknown}
 i - a scroll of blinking {unknown}
Potions
 b - a potion of lignification
 h - a potion of heal wounds {unknown}


   Skills:
 + Level 1.9 Fighting
 - Level 1.7 Dodging
 + Level 3.1 Unarmed Combat
 - Level 2.0 Spellcasting
 * Level 2.8 Transmutations


You had 2 spell levels left.
You knew the following spells:

 Your Spells              Type           Power      Damage    Failure   Level
a - Beastly Appendage     Tmut           20%        N/A       9%          1
b - Spider Form           Tmut/Pois      6%         N/A       43%         3

Your spell library contained the following spells:

 Spells                   Type           Power      Damage    Failure   Level
 Wereblood                Tmut           10%        N/A       13%         2
 Ice Form                 Ice/Tmut       6%         N/A       85%         4


Dungeon Overview and Level Annotations

Branches:
Dungeon (3/15)

Altars:

Shops:
D:2 :

Annotations:
D:2 Sigmund


Innate Abilities, Weirdness & Mutations

You have a pair of small horns on your head.
You have an unusually large brain. (Int +2)


Message History

The sleepcap releases spores at you.
You are engulfed in a cloud of soporific spores!
You fall asleep.
Your transformation is almost over.
The sleepcap releases spores at you!
You wake up.
You are engulfed in a cloud of soporific spores!
You are unaffected.
You hit the sleepcap but do no damage.
The sleepcap is heavily damaged.
You hit the sleepcap but do no damage.
The sleepcap is heavily damaged.
The sleepcap misses you.
Unknown command.
You hit the sleepcap but do no damage.
The sleepcap is heavily damaged.
The sleepcap releases spores at you!
* * * LOW HITPOINT WARNING * * *
You hit the sleepcap.
The sleepcap is severely damaged.
The sleepcap releases spores at you but does no damage.
You hit the sleepcap.
The sleepcap is severely damaged.
The sleepcap barely misses you.
You hit the sleepcap but do no damage.
The sleepcap is severely damaged.
The sleepcap releases spores at you but does no damage.
You completely miss the sleepcap.
The sleepcap is severely damaged.
The sleepcap closely misses you.
You hit the sleepcap.
The sleepcap is severely damaged.
The sleepcap releases spores at you.
* * * LOW HITPOINT WARNING * * *
You are engulfed in a cloud of soporific spores!
You fall asleep.
Your transformation has ended.
Your +0 pair of gloves unmelds from your body.
Your +0 leather armour unmelds from your body.
The sleepcap releases spores at you!
You die...

#.#.#.## # #.#.#..# #.#.#
#.#.##.# #.... ##.#.##.#
##...## #..#....# #.
##.....## #.####.##
#.##.......## #..#.#.#
..............####....#.#
..#)#.#.......'@f.......#
..............####...##.#
#.#.#.#......).#........#
............##.#.#......#
...#.#.#....###.#.########
.........#'## #.# .#
###.....# #.# .# ####..#
#.# .# #..## #.#


You could see a sleepcap.

Vanquished Creatures
  An adder (D:2)
  A worm (D:2)
  A dart slug (D:1)
  6 endoplasms (D:1)
  A goblin (D:1)
  3 hobgoblins
  2 quokkas
  2 ball pythons
  3 bats
  3 frilled lizards
  6 kobolds
  2 rats (D:1)
31 creatures vanquished.

Notes
Turn   | Place    | Note
-------+----------+-------------------------------------------
     0 | D:1      | Baz the Demonspawn Transmuter began the quest for the Orb.
     0 | D:1      | Reached XP level 1. HP: 15/15 MP: 3/3
   212 | D:1      | You fall into a shaft and drop 1 floor!
   263 | D:1      | Mutation became permanent: You have a pair of small horns
                  | on your head. [demonic ancestry]
   263 | D:1      | Gained mutation: You have a pair of horns on your head.
                  | [demonic ancestry]
   263 | D:1      | Reached XP level 2. HP: 14/21 MP: 3/5
   742 | D:1      | Reached skill level 3 in Unarmed Combat
  1132 | D:2      | Found Sogyc's Book Boutique.
  1151 | D:2      | Gained mutation: You have an unusually large brain. (Int
                  | +2) [demonic ancestry]
  1151 | D:2      | Reached XP level 3. HP: 27/27 MP: 6/6
  1249 | D:2      | Identified the +3 whip of Famine {chaos, Dex+4}
  1331 | D:2      | Learned a level 3 spell: Spider Form
  1370 | D:2      | Noticed Sigmund
  1590 | D:3      | Mangled by a sleepcap

Illustrated notes

Levels and vault maps discovered:
D:1:      dpeg_cavernosity, layout_loops_ring, minmay_crystal_room
D:2:      layout_basic, serial_shops, shop, uniq_sigmund
D:3:      layout_loops_corners, serial_co_window_serial, co_window_paths_a,
          co_window_paths_a, co_window_corner_a, co_window_paths_b,
          co_window_paths_b, co_window_corner_a, co_window_corner_b,
          co_window_unsneaky_path_e, co_window_broadway_b, co_window_paths_d,
          glass_columns_c, glass_columns_b, glass_columns_b, glass_columns_c,
          glass_columns_b, uniq_grinder

Skill      XL: |  1  2 |
---------------+-------+-----
Transmutations | 2 |  2.8
Unarmed Combat | 3 |  3.1
Fighting       | |  1.9
Dodging        | |  1.7
Spellcasting   | |  2.0

Action                     || total
---------------------------++-------
  Melee: Unarmed           ||   111
         Kick              ||     5
         Headbutt          ||    14
         Punch             ||     1
   Cast: Beastly Appendage ||     4
         Spider Form       ||     1
   Stab: Sleeping          ||     3
 Armour: Robe              ||     1
         Leather armour    ||    26
         Skin              ||     2
  Dodge: Dodged            ||    55
